Map: Línea Aguablanca EE

Players

MrFercho - Winner!

  • Race: Zerg Zerg
  • League: Gold
  • Spawn Location: 6:00

TATORREA - Winner!

  • Race: Protoss Protoss
  • League: Gold
  • Spawn Location: 7:00

tigro - Winner!

  • Race: Terran Terran
  • League: Bronze
  • Spawn Location: 7:00

Stoltis

  • Race: Protoss Protoss
  • League: Silver
  • Spawn Location: 1:00

EchoFour

  • Race: Protoss Protoss
  • League: Diamond
  • Spawn Location: 12:00

Convincer

  • Race: Terran Terran
  • Spawn Location: 1:00

VOD

Have the link to the VOD?

Description

Time

  • Played on: July 24, 2020, 9:37 p.m.
  • Length: 9:40
Show
View Real Time Build Order
Export as new Build Order

MrFercho Zerg - Winner!

Build Orders: Hatch First 

Get SALT Encoding   

  12  0:05  Drone  
  13  0:14  Overlord  
  13  0:18  Drone  
  14  0:32  Drone  
  14  0:33  Drone  
  16  0:53  Drone  
  16  0:54  Hatchery  
  16  0:57  Drone  
  16  1:00  Drone  
  18  1:07  Extractor  
  17  1:18  Spawning Pool  
  16  1:26  Drone x2  
  18  1:36  Drone  
  19  1:43  Overlord  
  19  1:52  Drone  
  20  2:10  Drone x2  
  20  2:11  Queen x2  
  20  2:14  Drone  
  27  2:16  Metabolic Boost  
  27  2:20  Zergling x2  
  28  2:27  Zergling x2  
  29  2:35  Drone  
  30  2:37  Overlord  
  30  2:38  Drone  
  31  2:47  Drone  
  31  2:49  Drone  
  34  2:58  Drone  
  34  2:59  Drone  
  35  3:15  Overlord x2  
  35  3:19  Drone  
  36  3:24  Drone x4  
  40  3:28  Overlord x3  
  40  3:37  Zergling x4  
  42  3:46  Drone  
  42  3:47  Drone  
  44  3:59  Overlord  
  44  4:00  Zergling x2  
  44  4:01  Zergling x8  
  49  4:05  Zergling x2  
  49  4:06  Zergling x2  
  51  4:13  Spore Crawler  
  50  4:17  Spore Crawler  
  50  4:19  Hatchery  
  50  4:20  Zergling x4  
  50  4:34  Zergling x2  
  50  4:35  Zergling x14  
  58  4:43  Drone  
  59  4:49  Drone  
  56  4:57  Drone x3  
  56  4:58  Drone  
  59  5:09  Drone  
  59  5:10  Zergling x2  
  59  5:11  Zergling x8  
  65  5:21  Zergling x2  
  65  5:24  Zergling x2  
  67  5:37  Zergling x10, Baneling Nest  
  68  5:57  Zergling x12  
  67  6:03  Zergling x8  
  75  6:11  Queen  
  72  6:26  Zergling x2  
  72  6:27  Zergling x16  
  73  6:38  Zergling x6  
  75  6:46  Baneling x4  
  75  6:47  Baneling x4  
  74  7:01  Zergling x12  
  74  7:02  Zergling x4  
  72  7:10  Zergling x4  
  70  7:21  Zergling x6  
  56  7:35  Zergling x10  
  60  7:47  Zergling x16  
  60  7:51  Baneling x8  
  65  7:57  Zergling x2  
  65  7:58  Zergling x8  
  62  8:22  Zergling x26  
  72  8:35  Zergling x2  
  72  8:36  Zergling x6  
  66  8:54  Extractor  
  61  8:58  Zergling x12  
  55  9:13  Zergling x14  
  61  9:20  Zergling x2  
  61  9:21  Zergling x8  
Show
View Real Time Build Order
Export as new Build Order

TATORREA Protoss - Winner!

Build Orders:  

Get SALT Encoding   

  12  0:02  Probe  
  13  0:14  Probe  
  14  0:26  Probe  
  14  0:27  Pylon  
  15  0:45  Probe  
  16  0:53  Gateway  
  16  1:17  Probe  
  17  1:29  Probe  
  18  1:33  Assimilator  
  18  1:36  Pylon  
  18  1:41  Probe  
  19  1:53  Probe  
  19  1:54  Zealot  
  20  2:05  Probe  
  20  2:06  Cybernetics Core  
  23  2:42  Nexus  
  23  2:44  Pylon  
  23  2:47  Pylon  
  23  2:48  Probe  
  24  2:56  Probe  
  24  3:02  Assimilator  
  24  3:05  Probe  
  25  3:08  Stalker  
  28  3:23  Warp Gate  
  28  3:29  Probe  
  29  3:38  Probe  
  29  3:39  Stalker  
  31  3:46  Probe  
  32  3:49  Shield Battery  
  32  3:50  Shield Battery  
  32  3:55  Pylon, Probe  
  34  3:56  Probe  
  35  4:07  Probe  
  35  4:09  Stalker  
  38  4:31  Probe x2  
  38  4:37  Twilight Council  
  40  4:40  Gateway  
  40  4:42  Gateway  
  40  4:43  Probe x2  
  42  4:55  Probe  
  42  4:56  Probe  
  42  4:57  Charge  
  44  5:08  Probe x2  
  46  5:15  Assimilator  
  46  5:17  Assimilator  
  46  5:22  Gateway  
  46  5:23  Gateway  
  46  5:26  Gateway  
  46  5:29  Probe  
  46  5:30  Probe  
  46  5:34  Zealot  
  50  5:38  Forge  
  50  5:42  Probe x2  
  52  5:48  Zealot x2  
  56  5:54  Probe x2  
  58  6:06  Probe, Stargate  
  58  6:08  Zealot, Stargate  
  58  6:09  Stargate  
  58  6:10  Zealot  
  63  6:12  Protoss Ground Weapons Level 1  
  63  6:14  Zealot  
  65  6:28  Zealot x2  
  69  6:47  Pylon  
  69  6:50  Pylon  
  69  6:58  Probe  
  70  7:05  Probe  
  71  7:10  Probe  
  72  7:17  Probe  
  72  7:19  Nexus  
  72  7:20  Zealot  
  72  7:21  Pylon, Zealot x5  
  85  7:24  Pylon  
  67  7:39  Void Ray x2  
  67  7:42  Void Ray  
  73  7:46  Probe x2  
  75  8:07  Pylon  
  75  8:08  Zealot x2  
  75  8:09  Zealot x4  
  85  8:27  Void Ray x2  
  85  8:33  Void Ray  
  97  8:35  Probe  
  97  8:36  Probe  
  77  9:24  Zealot x2  
  79  9:30  Assimilator x2  
  81  9:37  Fleet Beacon  
Show
View Real Time Build Order
Export as new Build Order

tigro Terran - Winner!

Build Orders:  

Get SALT Encoding   

  12  0:15  SCV  
  13  0:23  Supply Depot  
  13  0:27  SCV  
  14  0:39  SCV  
  15  0:47  Supply Depot  
  15  0:51  SCV  
  15  0:56  Barracks  
  16  1:03  SCV  
  17  1:12  Refinery  
  17  1:37  SCV  
  18  1:49  SCV  
  18  1:50  Refinery  
  18  1:52  Marine  
  21  2:01  SCV  
  21  2:06  Engineering Bay  
  21  2:10  Marine  
  21  2:13  SCV  
  23  2:24  Factory  
  23  2:25  SCV  
  23  2:28  Marine  
  25  2:37  SCV  
  26  2:46  Marine  
  26  2:47  Missile Turret  
  27  3:04  Marine, Orbital Command  
  28  3:10  Factory Tech Lab  
  28  3:21  Command Center  
  28  3:35  Starport  
  28  3:50  Barracks Tech Lab  
  28  4:02  Terran Infantry Weapons Level 1  
  26  4:14  Barracks  
  18  4:30  SCV  
  19  4:35  Combat Shield  
  19  4:40  Medivac  
  19  4:42  SCV  
  22  4:54  SCV  
  23  5:06  SCV  
  24  5:09  Missile Turret  
  24  5:10  Barracks Reactor  
  24  5:17  Starport Tech Lab  
  24  5:18  SCV  
  25  5:23  Marine  
  26  5:33  SCV  
  27  5:41  Marine  
  28  5:45  SCV  
  29  5:53  Stimpack  
  29  5:56  Terran Infantry Armor Level 1  
  30  5:57  Marine x2, SCV  
  30  5:59  Marine  
  33  6:09  Refinery  
  33  6:15  Marine x2  
  33  6:16  Marine  
  36  6:32  Marine  
  36  6:33  Marine  
  36  6:34  Marine  
  39  6:50  Marine  
  39  6:51  Marine  
  39  6:52  Marine  
  42  7:08  Marine  
  43  7:32  Marine  
  43  7:33  Marine x2  
  39  7:50  Marine  
  39  7:51  Marine x2  
  41  8:00  Siege Tank  
  43  8:08  Marine x3  
  46  8:26  Marine x3  
  49  8:32  Siege Tank  
  51  8:44  Marine x3  
  44  9:02  Marine x3  
  42  9:04  Medivac  
  44  9:19  Marine  
  44  9:20  Marine x2  
Show
View Real Time Build Order
Export as new Build Order

Stoltis Protoss 

Build Orders:  

Get SALT Encoding   

  12  0:01  Probe  
  13  0:13  Probe  
  14  0:22  Pylon  
  14  0:24  Probe  
  15  0:36  Probe  
  16  0:46  Gateway, Probe  
  17  0:58  Probe  
  17  1:03  Assimilator  
  18  1:11  Probe  
  19  1:15  Pylon  
  19  1:23  Probe  
  20  1:39  Cybernetics Core  
  20  1:50  Pylon  
  20  1:52  Probe  
  20  2:00  Probe  
  21  2:03  Assimilator  
  22  2:10  Probe  
  23  2:17  Gateway  
  23  2:18  Stalker  
  25  2:26  Warp Gate  
  25  2:30  Probe  
  26  2:38  Probe  
  27  2:47  Probe  
  27  2:48  Stalker  
  30  2:59  Robotics Facility  
  30  3:04  Probe  
  31  3:12  Stalker  
  31  3:16  Probe  
  34  3:23  Nexus  
  34  3:28  Probe  
  35  3:35  Sentry  
  35  3:40  Probe  
  38  3:46  Pylon  
  38  3:51  Pylon  
  38  3:53  Probe  
  39  4:04  Stalker  
  39  4:05  Probe  
  39  4:06  Twilight Council  
  42  4:13  Probe  
  43  4:21  Probe  
  43  4:23  Stalker  
  45  4:31  Probe  
  46  4:35  Gateway, Probe  
  46  4:36  Gateway  
  46  4:37  Forge  
  47  4:43  Probe  
  47  4:44  Probe  
  49  4:50  Assimilator  
  50  4:54  Assimilator  
  50  5:04  Pylon  
  50  5:06  Blink  
  50  5:11  Stalker  
  52  5:16  Observer  
  52  5:21  Protoss Ground Weapons Level 1  
  53  5:26  Pylon  
  53  5:29  Probe x2  
  55  5:41  Probe  
  50  5:50  Stalker  
  50  5:51  Stalker  
  26  6:21  Stalker x2  
  26  6:22  Stalker x2  
  32  6:32  Observer  
  32  7:06  Robotics Bay  
  31  7:26  Stalker x3  
  31  7:27  Stalker  
  37  7:36  Pylon, Observer  
  34  7:40  Colossus  
  30  8:22  Stalker x2  
  30  8:23  Stalker x2  
  22  9:08  Stalker x2  
Show
View Real Time Build Order
Export as new Build Order

EchoFour Protoss 

Build Orders: Oracle Opening 

Get SALT Encoding   

  12  0:01  Probe  
  13  0:13  Probe  
  14  0:18  Pylon  
  14  0:25  Probe  
  15  0:33  Probe  
  16  0:43  Gateway  
  16  0:46  Probe  
  16  0:47  Assimilator  
  17  0:58  Probe  
  18  1:10  Probe  
  18  1:20  Probe  
  19  1:28  Probe  
  19  1:30  Cybernetics Core  
  20  1:34  Pylon  
  20  1:37  Probe  
  20  1:45  Assimilator  
  21  1:54  Probe  
  22  2:18  Stargate  
  22  2:20  Stalker  
  22  2:22  Probe  
  25  2:32  Warp Gate  
  25  2:34  Probe  
  26  2:37  Pylon  
  26  2:41  Nexus  
  26  2:46  Probe  
  27  2:56  Stalker  
  29  2:58  Oracle, Probe  
  30  3:10  Probe  
  34  3:22  Probe  
  35  3:33  Oracle  
  35  3:34  Probe  
  35  3:38  Pylon  
  35  3:41  Shield Battery  
  39  3:52  Probe  
  39  3:53  Probe  
  40  4:00  Probe  
  41  4:05  Probe  
  43  4:11  Probe  
  44  4:17  Probe  
  44  4:23  Probe  
  46  4:26  Gateway  
  46  4:27  Gateway  
  46  4:29  Probe  
  46  4:30  Assimilator  
  44  4:31  Probe  
  44  4:34  Assimilator  
  44  4:36  Pylon  
  45  4:39  Probe  
  45  4:41  Probe  
  47  4:56  Probe x2  
  46  5:03  Stalker  
  48  5:08  Probe x2  
  48  5:11  Twilight Council  
  50  5:14  Forge  
  50  5:16  Probe  
  50  5:20  Probe  
  52  5:22  Pylon  
  52  5:24  Probe  
  52  5:25  Stalker  
  52  5:26  Stalker  
  56  5:32  Probe  
  56  5:35  Probe  
  58  5:38  Blink  
  59  5:43  Pylon  
  59  5:46  Protoss Ground Weapons Level 1  
  59  5:52  Zealot x3  
  65  6:07  Probe x2  
  67  6:12  Gateway  
  67  6:14  Gateway  
  67  6:16  Gateway  
  67  6:18  Gateway  
  65  6:28  Stalker x3  
  67  6:38  Probe x2  
  63  6:54  Pylon  
  63  6:55  Stalker, Zealot  
  63  6:56  Stalker  
  63  6:57  Pylon  
  69  7:08  Zealot x2  
  61  7:10  Stalker  
  57  7:19  Zealot x2  
  57  7:20  Zealot x2  
  65  7:29  Probe  
  47  7:31  Zealot x2  
  47  7:33  Probe  
  51  7:38  Stalker  
  47  7:45  Probe, Zealot  
  47  7:46  Zealot  
  47  7:47  Zealot  
  47  7:48  Zealot  
  50  7:54  Zealot x2  
  54  8:03  Zealot  
  44  8:10  Zealot x3  
  44  8:11  Zealot  
  49  8:22  Dark Shrine  
  49  8:40  Zealot x3  
  43  9:04  Stalker x2  
Show
View Real Time Build Order
Export as new Build Order

Convincer Terran 

Build Orders:  

Get SALT Encoding   

  12  0:02  SCV  
  13  0:23  SCV  
  13  0:26  Supply Depot  
  14  0:36  SCV  
  15  0:48  SCV  
  16  0:59  Barracks  
  16  1:00  SCV  
  17  1:26  Refinery  
  17  1:49  Orbital Command  
  17  1:56  Command Center  
  17  2:00  Barracks  
  17  2:30  SCV  
  18  2:42  SCV  
  19  2:53  Marine x2  
  19  2:54  SCV  
  22  3:04  Supply Depot  
  22  3:23  Factory  
  22  3:24  Barracks Tech Lab  
  22  3:25  Barracks Tech Lab  
  22  3:28  SCV  
  23  3:36  Orbital Command  
  23  3:55  Marine  
  23  3:56  Marine  
  25  4:04  Refinery  
  25  4:13  Marine  
  25  4:14  Marine  
  27  4:30  Hellion  
  29  4:31  Reaper  
  29  4:32  Reaper  
  31  4:45  Starport  
  31  4:58  Engineering Bay  
  31  5:03  Supply Depot, Marine, Reaper  
  33  5:08  Hellion  
  35  5:26  Supply Depot  
  35  5:35  Marine  
  36  5:46  Barracks  
  36  5:53  Marine  
  37  6:02  Marine  
  38  6:05  Hellion  
  38  6:07  Medivac  
  38  6:11  Marine  
  43  6:27  Hellion  
  45  6:35  SCV x2  
  45  6:37  Medivac  
  45  6:47  SCV x2  
  45  6:48  Hellion  
  45  6:52  Marine x3  
  52  6:59  SCV x2  
  54  7:07  Medivac  
  56  7:09  Hellion  
  56  7:10  Marine  
  56  7:14  SCV x2  
  49  7:31  Hellion  
  49  7:33  Orbital Command  
  49  7:37  Medivac  
  46  7:52  Hellion  
  46  7:54  SCV  
  49  8:06  SCV  
  45  8:23  Missile Turret  
  45  8:26  Missile Turret  
  42  8:34  Marine x3  
  42  8:36  Barracks  
  45  8:52  Marine x2  
  45  8:55  Marine  
  48  8:58  Hellion  
  48  8:59  Medivac  
  51  9:07  SCV x2  
  53  9:10  Marine x2  
  54  9:19  SCV  
Tags
 
Add a new tag
Caveats
  • Supply blocks, unpowered buildings, or Contaminate may cause inaccurate times.
  • Supply counts are checked every 10 seconds.